 Dungeon Crawl Stone Soup version 0.18.1-48-g4cf74bf (webtiles) character file.

47 tyranidshit the Skirmisher (level 3, 0/31 HPs)
             Began as a Demonspawn Abyssal Knight on Sept 12, 2016.
             Was a Follower of Lugonu.
             Slain by an adder (1 damage)
             ... on level 2 of the Dungeon.
             The game lasted 00:04:01 (1437 turns).

tyranidshit the Skirmisher (DsAK)                   Turns: 1437, Time: 00:04:02

Health: 0/31       AC: 10    Str: 13    XL:     3   Next: 48%
Magic:  4/4        EV:  6    Int: 16    God:    Lugonu [*.....]
Gold:   159        SH:  0    Dex: 15    Spells: 0 memorised, 2 levels left

rFire  . . .     SeeInvis .     f - +0 battleaxe
rCold  . . .     Gourm    .     o - +0 chain mail
rNeg   . . .     Faith    .     (shield currently unavailable)
rPois  .         Spirit   .     (no helmet)
rElec  .         Dismiss  .     (no cloak)
rCorr  .         Reflect  .     d - +1 pair of gloves {Dex+3}
SustAt .         Harm     .     (no boots)
MR     .....                    (no amulet)
Stlth  ..........               (no ring)
                                j - +3 ring of intelligence

@: lethally poisoned (0 -> -7), not resistant to hostile enchantments, extremely
unstealthy
A: powered by pain 1
a: Depart the Abyss, Renounce Religion


You were on level 2 of the Dungeon.
You worshipped Lugonu.
Lugonu was aware of your devotion.
You were not hungry.

You visited 1 branch of the dungeon, and saw 2 of its levels.
You visited the Abyss 1 time.

You collected 159 gold pieces.

Inventory:

Hand Weapons
 a - a +1 hand axe
 f - a +0 battleaxe (weapon)
 h - a +1 glaive of freezing
Armour
 b - a +0 leather armour
 d - a +1 pair of gloves of dexterity (worn)
 o - a +0 chain mail (worn)
Magical Staves
 i - an uncursed staff of earth
Jewellery
 j - a +3 ring of intelligence (left hand)
Scrolls
 l - 2 scrolls of teleportation {unknown}
 n - 3 scrolls of remove curse {unknown}
 q - a scroll of enchant weapon {unknown}
 r - 3 scrolls of fear {unknown}
Potions
 e - a potion of agility {unknown}
 g - a potion of berserk rage
 k - a potion of curing {unknown}
 m - a potion of flight {unknown}
Comestibles
 c - a bread ration
 p - a beef jerky


   Skills:
 + Level 4.4 Fighting
 - Level 1.8 Axes
 - Level 1.8 Armour
 - Level 0.8 Dodging
 - Level 2.4 Invocations


You had 2 spell levels left.
You didn't know any spells.

Dungeon Overview and Level Annotations

Branches:
Dungeon (2/15)

Altars:


Innate Abilities, Weirdness & Mutations

You sometimes gain a little power by taking damage.


Message History

You kill the rat!
Lugonu accepts your kill. The adder bites you.
* * * LOW HITPOINT WARNING * * *
You are poisoned.
The adder poisons you! The adder bites you but does no damage.
You barely miss the adder.
You feel sick. The adder bites you but does no damage. The adder bites you.
* * * LOW HITPOINT WARNING * * *
You are more poisoned.
The adder poisons you! The adder bites you but does no damage.
You slash the adder!
The adder is almost dead.
* * * LOW HITPOINT WARNING * * *
You feel sick. The adder barely misses you. x2
You barely miss the adder.
The adder is almost dead.
* * * LOW HITPOINT WARNING * * *
You feel sick. The adder bites you.
You die...

.# . .# ##. .. ###%#
#.S.# # #.###.@#
####.# #......# ..#.#
######.# ###.#.#####
####.#
...)......###....#
.................#
..#.#.###.###†.......
...[......######.####
.................#


You could see an adder.

Vanquished Creatures
  An adder (D:2)
  A worm (D:2)
  A dart slug (D:1)
  A giant gecko (D:1)
  A bat (D:2)
  A giant cockroach (D:1)
  6 goblins (D:1)
  5 hobgoblins
  5 jackals
  A giant newt (D:1)
  5 kobolds
  A rat (D:2)
29 creatures vanquished.

Vanquished Creatures (others)
  2 starspawn tentacles (Abyss:4)
  2 starspawn tentacle segments (Abyss:4)
4 creatures vanquished.

Grand Total: 33 creatures vanquished

Notes
Turn   | Place    | Note
--------------------------------------------------------------
     0 | Abyss:1  | tyranidshit the Demonspawn Abyssal Knight began the quest for the Orb.
     0 | Abyss:1  | Reached XP level 1. HP: 18/18 MP: 2/2
    48 | Abyss:1  | Found an oddly glowing altar of Pakellas.
   178 | Abyss:4  | Noticed a smoke demon
   181 | Abyss:4  | Noticed a starcursed mass
   193 | Abyss:4  | Noticed a smoke demon
   203 | Abyss:4  | Noticed a tentacled starspawn
   206 | Abyss:4  | Noticed a red draconian
   210 | D:1      | Escaped the Abyss
   427 | D:1      | Gained mutation: You sometimes gain a little power by taking damage. [demonic ancestry]
   427 | D:1      | Reached XP level 2. HP: 19/24 MP: 3/3
   461 | D:1      | Reached * piety under Lugonu
  1058 | D:1      | Reached skill level 4 in Fighting
  1350 | D:2      | Found a faded altar to an unknown god.
  1355 | D:2      | Reached XP level 3. HP: 24/30 MP: 4/4
  1437 | D:2      | HP: 1/31 [poisoned by an adder]
  1437 | D:2      | Slain by an adder

Skill      XL: |  1  2 |
---------------+-------+-----
Fighting       | 4 |  4.4
Axes           | |  1.8
Armour         | |  1.8
Dodging        | |  0.8
Invocations    | |  2.4

Action                   || total
-------------------------++-------
Melee: Battleaxe         ||   133
Invok: Depart the Abyss  ||     1
  Use: Scroll            ||     1
  Eat: Bread ration      ||     1
Armor: Leather armour    ||    22
       Chain mail        ||    87
Dodge: Dodged            ||    88
